 Dungeon Crawl Stone Soup version 0.29-a0-721-g7f417c9bbb (webtiles) character file.

Game seed: 13591684100195233665

611 indigestion the Magician (level 7, -3/45 HPs)
             Began as a Djinni Fire Elementalist on June 28, 2022.
             Slain by Duvessa
             ... wielding a +0 short sword
              (7 damage)
             ... on level 5 of the Dungeon.
             The game lasted 00:24:34 (6759 turns).

indigestion the Magician (Djinni Fire Elementalist) Turns: 6759, Time: 00:24:36

Health: -3/45      AC:  6    Str:  6 (7)  XL:     7   Next: 72%
Gold:   153        EV: 13    Int: 22 (24) God:
                   SH:  0    Dex: 12 (14)

rFire   + + +      SeeInvis .   w - +2 trident (venom)
rCold   . . .      Faith    .   (no shield)
rNeg    . . .      Spirit   .   r - +0 robe
rPois   ∞          Reflect  .   n - +0 helmet
rElec   .          Harm     .   l - +1 cloak
rCorr   .          Rampage  .   a - +0 pair of gloves
Will    +....                   (boots unavailable)
Stlth   ++........              (no amulet)
HPRegen 0.15/turn               b - ring "Bonk" {Drain rF+ rC+ Will+}
MPRegen 0.00/turn               v - +6 ring of intelligence

@: flying
A: sickness immunity, fire resistance 2, cold vulnerability 1, float, innate
caster, HP casting, extra vitality 1
a: no special abilities


You were on level 5 of the Dungeon.
You visited 1 branch of the dungeon, and saw 5 of its levels.

You collected 273 gold pieces.
You spent 120 gold pieces at shops.

Inventory:

Hand Weapons
 w - a +2 trident of venom (weapon)
Armour
 a - a +0 pair of gloves (worn)
 l - a +1 cloak (worn)
 n - a +0 helmet (worn)
 o - a +0 tower shield
 r - a +0 robe (worn)
Jewellery
 b - the ring "Bonk" (left hand) {Drain rF+ rC+ Will+}
   (You bought it in a shop on level 1 of the Dungeon)

   [ring of willpower]

   rF:        It protects you from fire.
   rC:        It protects you from cold.
   Drain:     It drains your maximum health when unequipped.
   Will:      It increases your willpower.
 v - a +6 ring of intelligence (right hand)
Wands
 u - a wand of digging (3)
Scrolls
 h - a scroll of silence {unknown}
 i - 2 scrolls of fear {unknown}
 j - a scroll of teleportation {unknown}
 p - a scroll of fog {unknown}
 s - 4 scrolls of identify
Potions
 c - a potion of mutation {unknown}
 d - 2 potions of curing
 e - a potion of lignification
 g - a potion of might
 k - a potion of degeneration
 q - a potion of attraction {unknown}
 t - a potion of heal wounds {unknown}


   Skills:
 - Level 2.4 Armour
 - Level 3.4 Dodging
 - Level 2.7 Stealth
 + Level 5.4 Spellcasting


You couldn't memorise any spells.
You knew the following spells:

 Your Spells              Type           Power      Damage    Failure   Level
a - Foxfire               Conj/Fire      100%       2x1d9     1%          1
b - Scorch                Fire           58%        2d7       1%          2
c - Conjure Flame         Conj/Fire      29%        6-21      3%          3
d - Inner Flame           Hex/Fire       29%        N/A       3%          3
e - Flame Wave            Conj/Fire      29%        2d8       11%         4
f - Magic Dart            Conj           100%       1d8       1%          1
g - Poisonous Vapours     Pois/Air       58%        N/A       1%          2
h - Dazzling Flash        Conj/Hex       58%        N/A       3%          3
Your spell library was empty.

Dungeon Overview and Level Annotations

Branches:
Dungeon (5/15)
 Temple: D:4-7

Altars:
Fedhas
Sif Muna
Trog
Xom
The Shining One

Shops:
D:1 *(

Annotations:
D:5 Dowan, Duvessa


Innate Abilities, Weirdness & Mutations

You are immune to sickness and miasma.
You are immune to poison.
Your flesh is very heat resistant. (rF++)
You are vulnerable to cold. (rC-)
You float through the air rather than walking.
You learn spells naturally, not from books.
Your magical power is your life essence.
You have superior vitality. (+4 MHP)


Message History

Duvessa is lightly wounded.
The foxfire hits Duvessa.
Duvessa is lightly wounded.
The foxfire hits Duvessa but does no damage.
Duvessa is lightly wounded.
Casting: Foxfire (safe; 1% risk of failure)
Confirm with . or Enter, or press ? or * to list all spells.
You conjure some foxfire!
* * * LOW HITPOINT WARNING * * *
You struggle against the net.
The foxfire hits Duvessa.
Duvessa is moderately wounded.
The foxfire hits Duvessa but does no damage.
Duvessa is moderately wounded.
Dowan, Brother of Duvessa comes into view.
He is wielding a +0 dagger.
Duvessa hits you with a +0 short sword.
* * * LOW HITPOINT WARNING * * *
Casting: Foxfire (safe; 1% risk of failure)
Confirm with . or Enter, or press ? or * to list all spells.
You conjure some foxfire!
Dowan shouts!
* * * LOW HITPOINT WARNING * * *
Duvessa hits you with a +0 short sword.
* * * LOW HITPOINT WARNING * * *
You shred the net and break free!
The foxfire hits Duvessa but does no damage.
Duvessa is moderately wounded.
The foxfire hits Duvessa but does no damage.
Duvessa is moderately wounded.
Duvessa says, "My weaknesses are his strengths!"
As you read the scroll labelled SEM PYOBBO, it crumbles to dust.
It is a scroll of enchant weapon.
Your +1 trident of venom glows red for a moment.
Duvessa misses you.
Casting: Foxfire (safe; 1% risk of failure)
Confirm with . or Enter, or press ? or * to list all spells.
You conjure some foxfire!
* * * LOW HITPOINT WARNING * * *
Dowan gestures at Duvessa while chanting.
Duvessa seems to speed up.
Duvessa hits you with a +0 short sword!
You die...

#...........# #.........>.#
. #...........#.###
#...............
#..........##.##
#......)........
#..e..†.....# ......#
#..@†).e....# ......#
#.vv........# ......#
#########'#.# ......#
####)# # ......# #....#
......# #########'####.#.
......#####................
......'...'............#.#.
..)...#####............#


You could see Duvessa (fast, ally target) and Dowan.

Vanquished Creatures
  An ogre (D:5)
  A gnoll sergeant (D:5)
  2 scorpions
  Ijyb (D:4)
  Natasha (thrice) (D:2)
  An orc wizard (D:4)
  Robin (D:3)
  4 gnolls (D:5)
  A river rat (D:5)
  5 adders
  An ufetubus (D:4)
  6 worms
  3 dart slugs
  5 orcs
  7 ball pythons
  4 endoplasms
  2 giant cockroaches
  9 hobgoblins
  2 jackals (D:2)
  4 quokkas
  5 bats
  4 frilled lizards
  14 goblins
  5 kobolds
  8 rats
99 creatures vanquished.

Vanquished Creatures (others)
  246 foxfires
  72 plants (D:5)
318 creatures vanquished.

Grand Total: 417 creatures vanquished

Notes
Turn   | Place    | Note
-------+----------+-------------------------------------------
     0 | D:1      | indigestion the Djinni Fire Elementalist began the quest
                  | for the Orb.
     0 | D:1      | indigestion set off with the following spells memorised:
                  | Foxfire, Scorch, Conjure Flame, Inner Flame, Flame Wave.
     0 | D:1      | Reached XP level 1. HP: 15/15 MP: 0/0
   386 | D:1      | Reached XP level 2. HP: 8/21 MP: 0/0
   634 | D:1      | Found Etononue's Assorted Antiques.
   714 | D:1      | Found a bloodstained altar of Trog.
   790 | D:1      | Found a faded altar of an unknown god.
   967 | D:1      | Found Moapewys's Antique Weapon Emporium.
  1117 | D:1      | Reached XP level 3. HP: 19/25 MP: 0/0
  1117 | D:1      | Learned a level 1 spell: Magic Dart
  1756 | D:2      | Noticed Natasha
  1767 | D:2      | Killed Natasha
  1866 | D:2      | Reached XP level 4. HP: 22/31 MP: 0/0
  1943 | D:2      | Noticed Natasha
  1951 | D:2      | Killed Natasha
  1952 | D:2      | Reached skill level 3 in Spellcasting
  2333 | D:2      | Noticed Natasha
  2339 | D:2      | Killed Natasha
  2340 | D:2      | Reached XP level 5. HP: 23/35 MP: 0/0
  2340 | D:2      | Learned a level 2 spell: Poisonous Vapours
  3110 | D:2      | Reached skill level 1 in Armour
  3522 | D:3      | Noticed Robin
  4025 | D:1      | Bought a slimy bone ring for 120 gold pieces
  4025 | D:1      | Identified the ring "Bonk" {Drain rF+ rC+ Will+} (You
                  | bought it in a shop on level 1 of the Dungeon)
  4172 | D:3      | Found a blossoming altar of Fedhas.
  4178 | D:3      | Killed Robin
  4442 | D:3      | Reached XP level 6. HP: 34/40 MP: 0/0
  5338 | D:4      | Noticed Ijyb
  5350 | D:4      | Killed Ijyb
  5351 | D:4      | Reached skill level 4 in Spellcasting
  6373 | D:5      | Entered Level 5 of the Dungeon
  6377 | D:5      | Found a shimmering altar of Xom.
  6394 | D:5      | Found a glowing golden altar of the Shining One.
  6431 | D:5      | Reached XP level 7. HP: 39/45 MP: 0/0
  6431 | D:5      | Learned a level 3 spell: Dazzling Flash
  6610 | D:5      | Reached skill level 5 in Spellcasting
  6748 | D:5      | Noticed Duvessa
  6755 | D:5      | Noticed Dowan
  6759 | D:5      | Slain by Duvessa

Illustrated notes

Levels and vault maps discovered:
D:1:      dpeg_arrival_lava_altar, layout_loops_ring, serial_shops,
          nicolae_shop_hallway_stairs, shop,
          shapermc_ecumenical_altar_hornbeckon, kennysheep_minor_cross
D:2:      layout_loops_ring, uniq_natasha
D:3:      layout_basic, fedhas_altar_3, uniq_robin, uniq_crazy_yiuf_cottage
D:4:      layout_basic, uniq_ijyb
D:5:      wad_woods_stonehenge, layout_basic, minitemple, uniq_menkaure,
          uniq_duvessa

Skill      XL: |  1  2  3  4  5  6  7 |
---------------+----------------------+-----
Stealth        | 2 |  2.7
Dodging        | 3 |  3.4
Spellcasting   | 3 4 5 |  5.4
Armour         | 2 |  2.4

Action                   |  1- 3 |  4- 6 |  7- 9 || total
-------------------------+-------+-------+-------++-------
Melee: Club              |    18 |    19 |       ||    37
       Punch             |     1 |     1 |       ||     2
       Whip              |       |    44 |       ||    44
       Trident           |       |       |     3 ||     3
 Cast: Foxfire           |    34 |   106 |    14 ||   154
       Scorch            |     2 |     4 |     2 ||     8
       Magic Dart        |       |    12 |     3 ||    15
       Inner Flame       |       |    13 |     5 ||    18
       Conjure Flame     |       |     1 |       ||     1
  Use: Scroll            |     1 |     3 |     1 ||     5
       Potion            |       |     1 |     1 ||     2
 Stab: Sleeping          |     2 |     2 |       ||     4
Armor: Robe              |     6 |     4 |     8 ||    18
       Leather armour    |       |    31 |       ||    31
       Animal skin       |       |     2 |       ||     2
       Skin              |       |     9 |       ||     9
Dodge: Dodged            |    21 |    79 |    15 ||   115

Table legend: (Time is in decaauts)
 A = Elapsed time spent in this place.
 B = Non-inter-level travel time spent in this place.
 C = Inter-level travel time spent in this place.
 D = Time resting spent in this place.
 E = Time spent auto-exploring this place.
 F = Levels seen in this place.
 G = Mean time per level.
                   A        B        C        D        E       F      G
               +--------+--------+--------+--------+--------+-----+--------+
         Total |   6782 |   6447 |    335 |   2025 |   3510 |   5 | 1356.4 |
       Dungeon |   6782 |   6447 |    335 |   2025 |   3510 |   5 | 1356.4 |
               +--------+--------+--------+--------+--------+-----+--------+

Top non-repeatable levels by time:
     D:2: 1845 daAuts
     D:1: 1843 daAuts
     D:4: 1398 daAuts
     D:3: 1309 daAuts
     D:5: 385 daAuts
